 Dungeon Crawl Stone Soup version 0.28.0-43-g3370ac3207 (webtiles) character file.

Game seed: 10207678703847575144

36330 Kaptain the Geomancer (level 13, -3/84 HPs)
             Began as a Gargoyle Earth Elementalist on Mar 25, 2022.
             Slain by a meliai
             ... wielding a +0 war axe
              (7 damage)
             ... on level 14 of the Dungeon.
             The game lasted 00:40:27 (23733 turns).

Kaptain the Geomancer (GrEE)                       Turns: 23733, Time: 00:40:28

Health: -3/84      AC: 24    Str: 18    XL:     13   Next: 89%
Magic:  12/26      EV: 17    Int: 21    God:
Gold:   1134       SH:  7    Dex: 10    Spells: 27/31 levels left

rFire   . . .      SeeInvis .   a - +2 trident (protect)
rCold   . . .      Faith    .   f - +2 buckler
rNeg    + . .      Spirit   .   P - +3 leather armour of Ru's Inspiration {rElec rCorr}
rPois   ∞          Reflect  .   w - +2 hat
rElec   +          Harm     .   T - +2 cloak
rCorr   +          Rampage  .   i - +0 pair of gloves
Will    .....                   Z - +0 pair of boots
Stlth   ++........              (no amulet)
HPRegen 0.24/turn               G - +6 ring of strength
MPRegen 0.20/turn               y - +4 ring of evasion

@: no status effects
A: sickness immunity, AC +9, negative energy resistance 1, electricity
resistance, torment resistance 1, petrification resistance
a: no special abilities


You were on level 14 of the Dungeon.
You visited 2 branches of the dungeon, and saw 15 of its levels.
You also visited: Ossuary and Bailey.

You collected 1134 gold pieces.

Inventory:

Hand Weapons
 a - a +2 trident of protection (weapon)
 p - the +10 halberd of the Bruised Beggars {holy, rC- rN+ rCorr Int+6}
   (You found it on level 9 of the Dungeon)

   It has been blessed by the Shining One to cause great damage to the undead
   and demons.
   Int:       It affects your intelligence (+6).
   rC:        It makes you vulnerable to cold.
   rN:        It protects you from negative energy.
   rCorr:     It protects you from acid and corrosion.
 N - a +1 long sword of holy wrath
Missiles
 c - 144 stones
 M - 3 throwing nets
Armour
 b - a +2 robe of willpower
 f - a +2 buckler (worn)
 i - a +0 pair of gloves (worn)
 q - a +2 robe of cold resistance
 w - a +2 hat (worn)
 L - +0 steam dragon scales
 P - the +3 leather armour of Ru's Inspiration (worn) {rElec rCorr}
   (You found it on level 11 of the Dungeon)

   rElec:     It insulates you from electricity.
   rCorr:     It protects you from acid and corrosion.
 Q - a +2 robe of positive energy
 T - a +2 cloak (worn)
 Z - a +0 pair of boots (worn)
Jewellery
 h - a ring of resist corrosion
 l - a ring of flight
 o - a +6 ring of strength
 y - a +4 ring of evasion (right hand)
 G - a +6 ring of strength (left hand)
 S - a ring of fire
Wands
 u - a wand of iceblast (9)
 v - a wand of polymorph (13)
 H - a wand of paralysis (18)
 R - a wand of digging (7)
 Y - a wand of mindburst (4)
Scrolls
 j - 2 scrolls of identify
 n - 4 scrolls of enchant armour
 s - 3 scrolls of torment
 t - a scroll of acquirement {unknown}
 A - 5 scrolls of teleportation
 C - a scroll of blinking {unknown}
 E - a scroll of noise {unknown}
 F - a scroll of immolation {unknown}
 I - a scroll of amnesia {unknown}
 J - a scroll of holy word {unknown}
 V - a scroll of brand weapon
 W - 3 scrolls of enchant weapon
 X - 6 scrolls of summoning
Potions
 d - 4 potions of haste
 e - 4 potions of lignification
 k - a potion of heal wounds
 m - 3 potions of cancellation
 r - 2 potions of curing
 x - 4 potions of flight
 z - 5 potions of brilliance
 D - a potion of ambrosia
 K - 2 potions of magic
 O - a potion of mutation
 U - a potion of invisibility
Miscellaneous
 g - a condenser vane
 B - a tin of tremorstones (2/2)


   Skills:
 * Level 11.3 Fighting
 + Level 7.9 Armour
 + Level 6.3 Dodging
 - Level 5.0 Stealth
 - Level 5.0 Shields
 * Level 9.6 Spellcasting
 * Level 11.2 Conjurations
 - Level 0.7 Transmutations
 * Level 12.7 Earth Magic


You had 27 spell levels left.
You knew the following spells:

 Your Spells              Type           Power      Damage    Failure   Level
a - Sandblast             Erth           100%       2d20      1%          1
b - Stone Arrow           Conj/Erth      100%       3d13      1%          3

Your spell library contained the following spells:

 Spells                   Type           Power      Damage    Failure   Level
 Passwall                 Tmut/Erth      31%        N/A       1%          2
 Petrify                  Tmut/Erth      38%        N/A       6%          4
 Beastly Appendage        Tmut           26%        N/A       8%          1
 Apportation              Tloc           20%        N/A       11%         1
 Summon Small Mammal      Summ           40%        N/A       11%         1
 Wereblood                Tmut           13%        N/A       12%         2
 Corpse Rot               Necr/Air       20%        N/A       16%         2
 Poisonous Vapours        Pois/Air       20%        N/A       16%         2
 Spider Form              Tmut/Pois      11%        N/A       26%         3
 Call Canine Familiar     Summ           10%        N/A       30%         3
 Summon Guardian Golem    Hex/Summ       10%        N/A       30%         3
 Tukima's Dance           Hex            10%        N/A       30%         3
 Freezing Cloud           Conj/Ice/Air   12%        6-21      52%         5
 Cause Fear               Hex            5%         N/A       71%         4
 Passage of Golubria      Tloc           10%        N/A       71%         4
 Alistair's Intoxication  Tmut/Pois      7%         N/A       94%         5
 Yara's Violent Unravell  Hex/Tmut       5%         3d4       94%         5
 Simulacrum               Ice/Necr       5%         N/A       100%        6
 Dragon Form              Tmut           6%         N/A       100%        7
 Dragon's Call            Summ           5%         N/A       100%        9
 Polar Vortex             Ice            5%         N/A       100%        9


Dungeon Overview and Level Annotations

Branches:
Dungeon (14/15)            Temple (1/1) D:7            Lair (0/6) D:10
    Orc (0/2) D:10        Ossuary (visited)          Bailey (visited)
 Vaults: D:13-14

Altars:
Ashenzari
Cheibriados
Dithmenos
Elyvilon
Fedhas
Gozag
Hepliaklqana
Kikubaaqudgha
Makhleb
Nemelex Xobeh
Okawaru
Qazlal
Ru
Sif Muna
Trog
Uskayaw
Vehumet
Wu Jian
Xom
Yredelemnul
Zin
The Shining One

Shops:
D:12 *   D:13 *

Annotations:
D:9 1 runed translucent door, Kaptain's ghost, journeyman GrEE


Innate Abilities, Weirdness & Mutations

You are immune to sickness and miasma.
Your stone body is resilient. (AC +9)
You are immune to poison.
You resist negative energy. (rN+)
You are resistant to electric shocks. (rElec)
You are resistant to unholy torment.
You are immune to petrification.


Message History

Aiming: Stone Arrow (safe; 1% risk of failure)
Press: ? - help, Shift-Dir - straight line, f/p - meliai
Aim: a meliai, wielding a +2 hand axe of flaming and wearing a +0 robe (severely wounded, 66% to hit)
The stone arrow hits the meliai!
You kill the meliai!
The meliai invokes the aid of its god against you.
Something smites you! The meliai closely misses you.
You block the meliai's attack.
Casting: Stone Arrow (safe; 1% risk of failure)
Confirm with . or Enter, or press ? or * to list all spells.
Aiming: Stone Arrow (safe; 1% risk of failure)
Press: ? - help, Shift-Dir - straight line, f - meliai
Aim: a meliai, wielding a +0 war axe and wearing a +0 leather armour (66% to hit)
The stone arrow hits the meliai.
The meliai is lightly wounded.
The meliai hits you but does no damage.
The meliai stings you but does no damage.
You block the meliai's attack. The meliai closely misses you.
The meliai calls down the wrath of its god upon you.
Something smites you!
* * * LOW HITPOINT WARNING * * *
The meliai hits you with a +0 war axe.
* * * LOW HITPOINT WARNING * * *
The meliai closely misses you.
A manticore comes into view.
Casting: Stone Arrow (safe; 1% risk of failure)
Confirm with . or Enter, or press ? or * to list all spells.
Aiming: Stone Arrow (safe; 1% risk of failure)
Press: ? - help, Shift-Dir - straight line, f/p - meliai
Aim: a meliai, wielding a +0 war axe and wearing a +0 leather armour (lightly wounded, 66% to hit)
The stone arrow hits the meliai!
The meliai is almost dead.
The meliai barely misses you.
The meliai stings you but does no damage.
The meliai barely misses you.
The meliai stings you but does no damage.
The meliai hits you with a +0 war axe!
* * * LOW HITPOINT WARNING * * *
The meliai stings you!
You die...

#. .. ... #. ..##.
....####### #........# #####
#........# ...#
#.......)####### #.##
#.......@y.....H #...
#.......y####### #.## .
#..♣....>+ #.# ..#........#
#.## .........#'## #.#.
.........#.# #####.#.
#....#...#.# #.....#.
######...#.##########.#####.
J..............<...........


You could see a manticore and 2 meliai.

Vanquished Creatures
  Kirke (D:13)
  2 hydras (D:13)
  Harold (D:7)
  3 centaur warriors
  7 two-headed ogres
  Sonja (D:13)
  A deep troll (shapeshifter) (D:13)
  Pikel (D:9)
  4 orc knights (Bailey)
  An ugly thing (D:13)
  The ghost of dangdung the Insei, a novice OpTm (D:6)
  4 manticores
  5 cyclopes
  Joseph (D:7)
  An unseen horror (D:12)
  A gargoyle (D:10)
  Maggie (D:8)
  A kobold demonologist (D:12)
  A tengu conjurer (D:8)
  A yaktaur (D:13)
  A troll (shapeshifter) (D:8)
  A queen bee (shapeshifter) (D:14)
  A hornet (D:11)
  A meliai (D:14)
  Prince Ribbit (D:8)
  12 slime creatures
  A centaur simulacrum (D:14)
  A shadow (D:8)
  Sigmund (D:3)
  A basilisk (D:13)
  3 vampires
  3 water elementals (D:12)
  9 wraiths
  2 hogs (D:14)
  3 wyverns
  26 yaks
  Grum (D:11)
  A steam dragon (D:8)
  Menkaure (D:6)
  5 vampire mosquitoes
  4 acid dragons
  A water moccasin (D:6)
  2 hornet zombies
  10 orc warriors
  A sky beast (D:7)
  A black bear (D:4)
  5 ogres
  4 centaurs
  2 necrophages
  A phantom (D:4)
  3 wolves (D:11)
  2 lemures (D:9)
  2 kobold brigands (D:12)
  10 bullfrogs
  Blork the orc (D:5)
  A scorpion (D:6)
  A gnoll sergeant (D:9)
  A wyvern skeleton (D:6)
  A water moccasin skeleton (D:4)
  A killer bee (D:8)
  19 wights
  2 electric eels (D:12)
  3 howler monkeys
  2 bullfrog zombies
  4 jellies
  5 centaur zombies
  5 orc priests
  A bullfrog skeleton (D:6)
  A gnoll shaman (D:6)
  5 centaur skeletons
  3 hounds
  Jessica (D:3)
  5 iguanas
  11 orc wizards
  11 gnolls
  6 adders
  A howler monkey simulacrum (D:6)
  3 ufetubi
  An adder skeleton (D:4)
  2 dart slugs (D:3)
  41 orcs
  9 ball pythons
  6 bats
  8 endoplasms
  3 giant cockroaches
  6 hobgoblins
  6 jackals
  5 quokkas
  6 frilled lizards
  A gnoll zombie (D:6)
  6 goblins
  A hobgoblin skeleton (Ossuary)
  4 hobgoblin zombies (Ossuary)
  11 kobolds
  An orc skeleton (Ossuary)
  2 orc zombies (Ossuary)
  A rat (D:1)
376 creatures vanquished.

Vanquished Creatures (others)
  2 humans (D:14)
  18 plants (D:2)
20 creatures vanquished.

Grand Total: 396 creatures vanquished

Notes
Turn   | Place    | Note
-------+----------+-------------------------------------------
     0 | D:1      | Kaptain the Gargoyle Earth Elementalist began the quest for
                  | the Orb.
     0 | D:1      | Reached XP level 1. HP: 10/10 MP: 3/3
   127 | D:1      | Reached XP level 2. HP: 16/16 MP: 3/5
   275 | D:1      | Found a faded altar of an unknown god.
   614 | D:1      | Reached skill level 1 in Fighting
   617 | D:1      | Reached skill level 1 in Conjurations
   929 | D:1      | Reached XP level 3. HP: 18/20 MP: 4/6
   935 | D:1      | Learned a level 3 spell: Stone Arrow
  1292 | D:2      | Reached skill level 4 in Earth Magic
  1596 | D:2      | Reached XP level 4. HP: 25/25 MP: 1/7
  1753 | D:2      | Reached skill level 1 in Armour
  2277 | D:3      | Noticed Sigmund
  2512 | D:3      | Noticed a necrophage
  2518 | D:3      | Killed a necrophage
  2519 | D:3      | Reached XP level 5. HP: 30/30 MP: 5/9
  2612 | D:3      | Killed Sigmund
  2613 | D:3      | Reached skill level 5 in Earth Magic
  2613 | D:3      | Reached XP level 6. HP: 29/36 MP: 0/10
  2740 | D:3      | Noticed Jessica
  2741 | D:3      | Killed Jessica
  3236 | D:3      | Reached XP level 7. HP: 12/41 MP: 0/12
  3954 | D:4      | Reached skill level 6 in Earth Magic
  3954 | D:4      | Reached XP level 8. HP: 48/48 MP: 7/14
  5041 | D:5      | Entered Level 5 of the Dungeon
  5361 | D:5      | Noticed Blork the orc
  5364 | D:5      | Killed Blork the orc
  5881 | D:5      | Reached skill level 5 in Fighting
  5881 | D:5      | Reached skill level 5 in Conjurations
  6241 | D:5      | Reached skill level 7 in Earth Magic
  6241 | D:5      | Reached XP level 9. HP: 54/54 MP: 9/16
  6652 | D:6      | Reached skill level 5 in Spellcasting
  6666 | D:6      | Found a sand-covered staircase.
  6674 | Ossuary  | Entered an ossuary
  7266 | Ossuary  | Reached skill level 1 in Shields
  8799 | D:6      | Found a runed translucent gate.
  8799 | D:6      | Found a runed translucent gate.
  8801 | D:6      | Found a runed translucent gate.
  8803 | D:6      | Noticed dangdung's ghost (novice OpTm)
  8997 | D:6      | Noticed Menkaure
  9002 | D:6      | Killed Menkaure
  9003 | D:6      | Reached skill level 8 in Earth Magic
  9003 | D:6      | Reached XP level 10. HP: 61/61 MP: 11/18
  9213 | D:6      | Killed dangdung's ghost
  9516 | D:7      | Noticed Joseph
  9521 | D:7      | Killed Joseph
  9873 | D:7      | Noticed Harold
  9880 | D:7      | Killed Harold
 10089 | D:7      | Found a staircase to the Ecumenical Temple.
 10098 | Temple   | Entered the Ecumenical Temple
 10813 | D:8      | Noticed a manticore
 10819 | D:8      | Killed a manticore
 10880 | D:8      | Noticed Prince Ribbit
 10886 | D:8      | Killed Prince Ribbit
 10887 | D:8      | Reached skill level 5 in Armour
 11066 | D:8      | Noticed a two-headed ogre
 11082 | D:8      | Killed a two-headed ogre
 11083 | D:8      | Reached skill level 9 in Earth Magic
 11141 | D:8      | Noticed Maggie
 11206 | D:8      | Killed Maggie
 11353 | D:8      | Reached XP level 11. HP: 67/67 MP: 10/20
 11666 | D:8      | Found a hide-covered altar of Uskayaw.
 11709 | D:8      | Noticed a two-headed ogre
 11714 | D:8      | Killed a two-headed ogre
 11899 | D:8      | Noticed a two-headed ogre
 12155 | D:8      | Killed a two-headed ogre
 12156 | D:8      | Reached skill level 5 in Stealth
 12165 | D:8      | Noticed a cyclops
 12184 | D:8      | Killed a cyclops
 12427 | D:8      | Noticed a manticore
 12446 | D:8      | Noticed a centaur warrior
 12452 | D:8      | Killed a manticore
 12461 | D:8      | Killed a centaur warrior
 12720 | D:8      | Noticed a catoblepas
 12724 | D:8      | Reached skill level 10 in Earth Magic
 13248 | D:8      | Identified the +1 flail of the Hawk {elec, Dex+7}
 13294 | D:9      | Found a flagged portal.
 13303 | D:9      | Identified the +10 halberd of the Bruised Beggars {holy,
                  | rC- rN+ rCorr Int+6}
 13307 | Bailey   | Entered a bailey
 13559 | Bailey   | Noticed an orc knight
 13670 | Bailey   | Noticed an orc knight
 13696 | Bailey   | Killed an orc knight
 13923 | Bailey   | Noticed an orc knight
 13929 | Bailey   | Killed an orc knight
 13930 | Bailey   | Reached skill level 5 in Dodging
 14180 | Bailey   | Killed an orc knight
 14181 | Bailey   | Reached XP level 12. HP: 75/75 MP: 10/23
 14514 | D:9      | Noticed Pikel
 14540 | D:9      | Killed Pikel
 14566 | D:9      | Found a runed translucent door.
 14571 | D:9      | Noticed Kaptain's ghost (journeyman GrEE)
 14940 | D:9      | Noticed a two-headed ogre
 14973 | D:9      | Killed a two-headed ogre
 15243 | D:9      | Reached skill level 5 in Shields
 15932 | D:10     | Entered Level 10 of the Dungeon
 16097 | D:10     | Noticed a two-headed ogre
 16103 | D:10     | Killed a two-headed ogre
 16104 | D:10     | Reached skill level 11 in Earth Magic
 16752 | D:10     | Found a staircase to the Lair.
 16811 | D:10     | Found a staircase to the Orcish Mines.
 17077 | D:11     | Identified the +3 leather armour of Ru's Inspiration {rElec
                  | rCorr}
 17257 | D:11     | Noticed Grum
 17270 | D:11     | Killed Grum
 17771 | D:11     | Reached skill level 10 in Fighting
 17892 | D:11     | Reached skill level 10 in Conjurations
 18925 | D:12     | Reached XP level 13. HP: 52/82 MP: 12/25
 19566 | D:12     | Found Kofeheq's Overcharged Wands.
 19966 | D:12     | Reached skill level 12 in Earth Magic
 20129 | D:12     | You fall into a shaft and drop 1 floor!
 20999 | D:13     | Noticed Sonja
 20999 | D:13     | Paralysed by Sonja for 5 turns
 21007 | D:13     | Killed Sonja
 21575 | D:13     | Found Ziqauc's General Store.
 22142 | D:14     | Noticed Kirke
 22306 | D:13     | Noticed a sphinx
 22308 | D:13     | Killed Kirke
 23733 | D:14     | HP: 4/84 [meliai/+0 war axe (12)]
 23733 | D:14     | Slain by a meliai

Illustrated notes

Levels and vault maps discovered:
D:1:      ebering_hopf_link, layout_loops_ring,
          hellmonk_ecumenical_altar_zigzags, minivault_23, minmay_hexomino_p4
D:2:      layout_basic, minmay_misc_feat_tiny, corexii_shack,
          serial_bayou_lagoon_a, kennysheep_generic_room_5
D:3:      layout_rooms, minmay_misc_feat_ornament, uniq_jessica, uniq_sigmund
D:4:      layout_basic, amethyst_killhole
D:5:      layout_loops_corners, grunt_decor_cap, uniq_blork_the_orc
D:6:      layout_rooms, gammafunk_ghost_necromancy, enter_ossuary_3,
          minmay_increasing_density, uniq_menkaure
D:7:      layout_loops_corners, temple_hall,
          minmay_a_box_with_orc_wizards_in_it, uniq_harold, uniq_joseph
D:8:      hangedman_cross_veins, layout_cave_pools,
          nicolae_uskayaw_murder_on_the_dancefloor, st_stairs_6,
          uniq_prince_ribbit1, uniq_maggie
D:9:      layout_cave_pools, enter_bailey_2, ebering_ghost_reflecting_pool,
          minmay_puff, uniq_pikel
D:10:     layout_cross, lair_entry_dummy, orc_0_dummy
D:11:     layout_grid_maze, chequers_serial_rivers_small_b, uniq_grum
D:12:     erik_rubicon_b, layout_rooms, nicolae_shop_overcharged_wands
D:13:     layout_roguey, serial_shops, shop, uniq_sonja
D:14:     minmay_open_boxes_in_corner, layout_basic, david_vaults_4,
          nicolae_benzene_ring, uniq_kirke, uniq_rupert
Temple:   nicolae_temple_the_god_donut

Skill      XL: |  1  2  3  4  5  6  7  8  9 10 11 12 13 |
---------------+----------------------------------------+-----
Fighting       | 1 2 3 4 5 6 7 8 10 11 | 11.3
Conjurations   | 1 2 3 4 5 6 7 8 10 11 | 11.2
Earth Magic    | 4 5 6 7 8 9 10 11 12 | 12.7
Armour         | 1 2 3 4 5 6 7 |  7.9
Dodging        | 2 3 4 5 6 |  6.3
Spellcasting   | 3 4 5 6 7 8 9 |  9.6
Shields        | 2 3 4 5 |  5.0
Stealth        | 3 4 5 |  5.0
Transmutations | |  0.7

Action                   |  1- 3 |  4- 6 |  7- 9 | 10-12 | 13-15 || total
-------------------------+-------+-------+-------+-------+-------++-------
Melee: Dagger            |    41 |       |       |       |       ||    41
       Short sword       |     2 |    16 |    13 |     1 |       ||    32
       Punch             |       |     1 |       |       |       ||     1
       Great sword       |       |       |       |    12 |       ||    12
       Halberd           |       |       |       |    63 |       ||    63
       Trident           |       |       |       |       |    23 ||    23
 Fire: Hunting sling     |       |    40 |       |       |       ||    40
 Cast: Sandblast         |    43 |    26 |    46 |    39 |    16 ||   170
       Stone Arrow       |       |     8 |   135 |   260 |   174 ||   577
Evoke: Wand              |       |       |       |       |     8 ||     8
  Use: Scroll            |       |       |     8 |     8 |     4 ||    20
       Potion            |       |       |     3 |     3 |     2 ||     8
 Stab: Sleeping          |     1 |       |       |     2 |       ||     3
Armor: Robe              |    14 |     5 |    52 |    74 |       ||   145
       Leather armour    |       |    12 |       |     3 |    48 ||    63
Dodge: Dodged            |    35 |    22 |    78 |   162 |    77 ||   374
Block: Buckler           |       |       |       |     2 |    27 ||    29
